 Dungeon Crawl Stone Soup version 0.24.0-37-gcf1ca852f1 (webtiles) character file.

Game seed: 14715275622857641476, levelgen mode: deterministic

93 grindst0ne the Charlatan (level 4, -3/35 HPs)
             Began as a Human Artificer on Dec 5, 2019.
             Slain by an orc priest
             ... wielding a +0 flail
              (6 damage)
             ... on level 3 of the Dungeon.
             The game lasted 00:03:11 (1450 turns).

grindst0ne the Charlatan (Human Artificer)          Turns: 1450, Time: 00:03:12

Health: -3/35      AC:  8    Str: 13    XL:     4   Next: 92%
Magic:  6/6        EV: 11    Int: 11    God:
Gold:   102        SH:  0    Dex: 14    Spells: 3/3 levels left

rFire    . . .     SeeInvis .   a - +0 short sword
rCold    . . .     Gourm    .   (no shield)
rNeg     . . .     Faith    .   m - +0 ring mail
rPois    .         Spirit   .   (no helmet)
rElec    .         Reflect  .   i - +2 cloak
rCorr    .         Harm     .   (no gloves)
MR       .....                  (no boots)
Stlth    +.........             (no amulet)
HPRegen  0.11/turn              (no ring)
MPRegen  0.10/turn              (no ring)

@: no status effects
A: no striking features
a: no special abilities


You were on level 3 of the Dungeon.
You were not hungry.

You visited 1 branch of the dungeon, and saw 3 of its levels.

You collected 102 gold pieces.

Inventory:

Hand Weapons
 a - a +0 short sword (weapon)
Armour
 b - a +0 leather armour
 g - a +0 chain mail
 i - a +2 cloak (worn)
 m - a +0 ring mail (worn)
Jewellery
 l - an uncursed ring of ice {unknown}
Wands
 c - a wand of flame (10)
 d - a wand of enslavement (15)
 e - a wand of random effects (15)
Scrolls
 j - a scroll of teleportation {unknown}
 k - 5 scrolls of identify {unknown}
 n - a scroll of fog {unknown}
Potions
 o - a potion of mutation {unknown}
Comestibles
 f - 4 rations
 h - 3 chunks of flesh


   Skills:
 + Level 3.0 Fighting
 - Level 1.0 Short Blades
 + Level 2.7 Armour
 - Level 2.0 Dodging
 - Level 1.0 Stealth
 - Level 3.0 Evocations


You had 3 spell levels left.
You didn't know any spells.
Your spell library was empty.

Dungeon Overview and Level Annotations

Branches:
Dungeon (2/15)

Altars:
Nemelex Xobeh


Message History

There isn't anything to butcher here.
The orc priest calls down the wrath of Beogh upon you.
Pain shoots through your body!
* * * LOW HITPOINT WARNING * * *
Things that are here:
a +0 war axe; a +0 leather armour Evoke which item? (* to show all) (? for menu, Esc to quit)
Aiming: Throw Flame
Press: ? - help, Shift-Dir - straight line, f - orc priest
Aim: an orc priest, wielding a +0 flail The puff of flame hits the orc priest!
The orc priest is severely wounded.
Evoke which item? (* to show all) (? for menu, Esc to quit)
Aiming: Throw Flame
Press: ? - help, Shift-Dir - straight line, f/p - orc priest
Aim: an orc priest, wielding a +0 flail (severely wounded)
The puff of flame hits the orc priest.
The orc priest is almost dead.
The orc priest hits you with a +0 flail.
You die...

###### #....# #....#
#### #....#
#..#####.#
#....#####..o@....#
#.....).รท...#####.#
#....###...(.o#
#....# ###.##.......
#....# #.# ....r..
#....# #.. .#..o..
#....# #..####....
###### #..# ....
...# ...


You could see an orc priest.

Vanquished Creatures
  A gnoll (D:1)
  2 adders (D:2)
  2 oozes (D:2)
  A worm (D:3)
  A dart slug (D:1)
  A leopard gecko (D:3)
  3 orcs
  4 giant cockroaches
  6 goblins
  6 hobgoblins
  A quokka (D:2)
  A ball python (D:2)
  6 bats
  5 kobolds
  8 rats
48 creatures vanquished.

Notes
Turn   | Place    | Note
-------+----------+-------------------------------------------
     0 | D:1      | grindst0ne the Human Artificer began the quest for the Orb.
     0 | D:1      | Reached XP level 1. HP: 15/15 MP: 3/3
   250 | D:1      | Reached XP level 2. HP: 21/21 MP: 4/4
   254 | D:1      | Reached skill level 1 in Armour
   363 | D:1      | Reached XP level 3. HP: 16/27 MP: 5/5
   911 | D:2      | Reached XP level 4. HP: 28/34 MP: 6/6
  1065 | D:2      | Found a sparkling altar of Nemelex Xobeh.
  1371 | D:2      | You fall into a shaft and drop 1 floor!
  1450 | D:3      | Slain by an orc priest

Levels and vault maps discovered:
D:1:      dpeg_arrival_lava_temple_mockup, layout_basic,
          chequers_serial_rivers_micro_e
D:2:      layout_basic, nicolae_overflow_hidden_temple,
          brannock_xom_greatest_gift, nicolae_ru_path_of_blood,
          lemuel_round_altar, chequers_ecumenical_altar_simple,
          nemelex_dance_club_becter
D:3:      layout_rooms, zin_academy, portal_sewer_entry_b, minmay_statues_item,
          chequers_serial_rivers_room_b

Skill      XL: |  1  2  3  4 |
---------------+-------------+-----
Armour         | 1 2 |  2.7
Fighting       | 2 3 |  3.0
Short Blades   | |  1.0
Dodging        | |  2.0
Stealth        | |  1.0
Evocations     | |  3.0

Action                   |  1- 3 |  4- 6 || total
-------------------------+-------+-------++-------
Melee: Short sword       |   124 |   108 ||   232
Evoke: Wand              |       |     5 ||     5
  Eat: Chunk             |       |     2 ||     2
Armor: Leather armour    |    35 |       ||    35
       Ring mail         |    22 |    55 ||    77
Dodge: Dodged            |   103 |    80 ||   183
